 Dungeon Crawl Stone Soup version 0.20.1-1-g8b1a95d66d (webtiles) character file.

326 Kublaii the Chopper (level 6, -2/78 HPs)
             Began as a Hill Orc Fighter on Dec 6, 2017.
             Succumbed to a hornet's poison
             ... on level 4 of the Dungeon.
             The game lasted 00:16:15 (1973 turns).

Kublaii the Chopper (Hill Orc Fighter)              Turns: 1973, Time: 00:16:16

Health: -2/78      AC:  8    Str: 27    XL:     6   Next: 49%
Magic:  6/6        EV:  8    Int:  8    God:
Gold:   132        SH: 10    Dex: 11    Spells: 5/5 levels left

rFire    . . .     SeeInvis .   a - +0 war axe
rCold    . . .     Gourm    .   c - +0 shield
rNeg     . . .     Faith    .   n - +0 scale mail
rPois    .         Spirit   .   x - +0 helmet
rElec    .         Reflect  .   (no cloak)
rCorr    .         Harm     .   (no gloves)
MR       +....                  (no boots)
Stlth    ..........             g - amulet of magic regeneration
Regen    0.3/turn               q - ring of protection from magic
MPRegen  0.2/turn               s - +2 ring of strength

@: berserking, lethally poisoned (-2 -> -23), slowed
A: no striking features
a: no special abilities


You were on level 4 of the Dungeon.
You were near starving.

You visited 1 branch of the dungeon, and saw 4 of its levels.

You collected 132 gold pieces.

Inventory:

Hand Weapons
 a - a +0 war axe (weapon)
 b - a +0 hunting sling
Missiles
 j - 5 curare-tipped needles
 m - 95 stones (quivered)
 u - 33 sling bullets
Armour
 c - a +0 shield (worn)
 n - a +0 scale mail (worn)
 x - a +0 helmet (worn)
Jewellery
 g - an amulet of magic regeneration (around neck)
 q - a ring of protection from magic (left hand)
 s - a +2 ring of strength (right hand)
Wands
 d - a wand of random effects (13/48)
Scrolls
 e - 5 scrolls of identify
 p - a scroll of random uselessness {unknown}
 w - a scroll of fear {unknown}
Potions
 h - a potion of degeneration {unknown}
 i - a potion of ambrosia {unknown}
 k - a potion of berserk rage
 t - a potion of lignification {unknown}
 v - 2 potions of curing
Comestibles
 f - 2 bread rations
 l - a royal jelly
 o - 2 fruits
 r - a meat ration


   Skills:
 - Level 4.0 Fighting
 - Level 6.0 Axes
 - Level 4.0 Armour
 + Level 1.7 Dodging
 - Level 4.9 Shields


You had 5 spell levels left.
You didn't know any spells.

Dungeon Overview and Level Annotations

Branches:
Dungeon (4/15)
 Temple: D:4-7

Altars:
Dithmenos
Gozag


Message History

The hornet is lightly wounded.
You are near starving!
You feel sick. The hornet stings you.
* * * LOW HITPOINT WARNING * * *
You suddenly lose the ability to move!
The hornet stings you!
* * * LOW HITPOINT WARNING * * *
You feel as though you will be slow longer.
* * * LOW HITPOINT WARNING * * *
You feel sick.
The hornet stings you but does no damage.
The hornet stings you!
* * * LOW HITPOINT WARNING * * *
You are more poisoned.
You feel as though you will be slow longer.
You can move again.
You are too berserk!
You are too berserk!
You slice the hornet!!
The hornet is severely wounded.
You die...

###+#######
#..........
#..........
#.....(...#
#........#
#####..@y(...#
##..[##'###...#
#.........# .#
#.........+
#.........#
#.........#
##...######
##...##.<.#
#..<......#


You could see a hornet.

Vanquished Creatures
  Sigmund (D:3)
  An ogre (D:4)
  Robin (D:3)
  2 adders (D:2)
  An ooze (D:1)
  A dart slug (D:1)
  A leopard gecko (D:1)
  6 bats
  A giant cockroach (D:1)
  10 goblins
  9 hobgoblins
  4 frilled lizards
  7 kobolds
  6 rats
51 creatures vanquished.

Notes
Turn   | Place    | Note
-------+----------+-------------------------------------------
     0 | D:1      | Kublaii the Hill Orc Fighter began the quest for the Orb.
     0 | D:1      | Reached XP level 1. HP: 19/19 MP: 1/1
   254 | D:1      | You fall through a shaft!
   262 | D:2      | Reached skill level 3 in Axes
   270 | D:2      | You fall through a shaft!
   309 | D:2      | Reached XP level 2. HP: 5/26 MP: 2/2
   544 | D:1      | Reached XP level 3. HP: 31/31 MP: 3/3
   565 | D:1      | Reached skill level 4 in Axes
  1411 | D:3      | Reached XP level 4. HP: 40/40 MP: 4/4
  1437 | D:3      | Noticed Robin
  1452 | D:3      | Killed Robin
  1504 | D:3      | Found an opulent altar of Gozag.
  1504 | D:3      | Noticed Sigmund
  1515 | D:3      | Killed Sigmund
  1515 | D:3      | Reached skill level 6 in Axes
  1515 | D:3      | Reached XP level 5. HP: 31/46 MP: 5/5
  1515 | D:3      | Reached XP level 6. HP: 35/52 MP: 6/6
  1722 | D:3      | Found a shadowy altar of Dithmenos.
  1940 | D:4      | Reached skill level 1 in Dodging
  1964 | D:4      | Noticed a hornet
  1971 | D:4      | Paralysed by a hornet for 2 turns
  1972 | D:4      | HP: 1/78 [hornet (8)]
  1973 | D:4      | Succumbed to a hornet's poison

Skill      XL: |  1  2  3  4  5  6 |
---------------+-------------------+-----
Axes           | 3 4 6 |  6.0
Armour         | 4 |  4.0
Fighting       | 4 |  4.0
Shields        | 4 |  4.9
Dodging        | 1 |  1.7

Action                   |  1- 3 |  4- 6 || total
-------------------------+-------+-------++-------
Melee: War axe           |    92 |    35 ||   127
 Fire: Hunting sling     |    31 |    22 ||    53
Throw: Stone             |    12 |       ||    12
  Use: Potion            |     1 |     2 ||     3
       Scroll            |       |     1 ||     1
  Eat: Chunk             |     2 |       ||     2
Armor: Scale mail        |    55 |    17 ||    72
Dodge: Dodged            |    34 |    12 ||    46
Block: Shield            |    51 |    29 ||    80
